 Dungeon Crawl Stone Soup version 0.20-a0-1016-g241539b (webtiles) character file.

211 FastMan the Chopper (level 5, -7/72 HPs)
             Began as a Minotaur Berserker on Apr 16, 2017.
             Was a Believer of Trog.
             Mangled by an ogre
             ... wielding a +0 giant spiked club
              (13 damage)
             ... on level 4 of the Dungeon.
             The game lasted 00:02:07 (2077 turns).

FastMan the Chopper (Minotaur Berserker)            Turns: 2077, Time: 00:02:08

Health: -7/72      AC:  6    Str: 27    XL:     5   Next: 57%
Magic:  4/4        EV:  4    Int:  4    God:    Trog [**....]
Gold:   220        SH: 13    Dex: 10    Spells: 4/4 levels left

rFire    . . .     SeeInvis .   a - +0 hand axe
rCold    . . .     Gourm    .   y - +1 large shield
rNeg     . . .     Faith    +   A - -2 chain mail
rPois    .         Spirit   .   (helmet restricted)
rElec    .         Reflect  .   (no cloak)
rCorr    .         Harm     .   (no gloves)
MR       .....     Rnd*Tele +   (no boots)
Stlth    ..........             n - amulet of faith
Regen    0.3/turn               p - ring of teleportation (curse)
MPRegen  0.1/turn               (no ring)

@: berserking, very quick
A: retaliatory headbutt, horns 2
a: Berserk, Trog's Hand, Burn Spellbooks, Renounce Religion


You were on level 4 of the Dungeon.
You worshipped Trog.
Trog was pleased with you.
You were very hungry.

You visited 1 branch of the dungeon, and saw 4 of its levels.

You collected 220 gold pieces.

Inventory:

Hand Weapons
 a - a +0 hand axe (weapon)
Armour
 b - a +0 animal skin
 x - a +0 pair of boots
 y - a +1 large shield (worn)
 A - a -2 chain mail (worn)
Jewellery
 l - an uncursed amulet of regeneration
 n - an amulet of faith (around neck)
 p - a cursed ring of teleportation (left hand)
Scrolls
 f - a scroll of teleportation {@r3}
 h - 2 scrolls of magic mapping
 j - 2 scrolls of fear
Potions
 d - a potion of flight
 e - a potion of brilliance {@q6}
 g - 2 potions of heal wounds {@q2}
 k - a potion of haste {@q3}
 r - a potion of resistance {unknown}
 s - a potion of invisibility {unknown}
 v - 4 potions of curing {unknown}
Comestibles
 c - 4 bread rations {@e1}
 o - 2 royal jellies {@e3}
 z - a chunk of flesh


   Skills:
 - Level 5.2 Fighting
 * Level 6.6 Axes
 - Level 2.4 Armour
 - Level 2.1 Dodging
 + Level 0.0 Shields


You had 4 spell levels left.
You didn't know any spells.

Dungeon Overview and Level Annotations

Branches:
Dungeon (4/15)             Temple (0/1) D:4

Altars:
Wu Jian


Innate Abilities, Weirdness & Mutations

You reflexively headbutt those who attack you in melee.
You have a pair of horns on your head.


Message History

An ogre is nearby!
An ogre is nearby!
An ogre is nearby!
The ogre hits you with a giant spiked club!!
Ouch! That really hurt!
Found a dagger.
Found a stone staircase leading down.
A red film seems to cover your vision as you go berserk!
You feel yourself moving faster!
You feel mighty!
You are feeling very hungry.
The ogre hits you with a giant spiked club!!
* * * LOW HITPOINT WARNING * * *
You closely miss the ogre. You slash the ogre! You headbutt the ogre!
The ogre is severely wounded.
The ogre hits you with a giant spiked club!
* * * LOW HITPOINT WARNING * * *
You barely miss the ogre. You headbutt the ogre.
The ogre is almost dead.
The ogre hits you with a giant spiked club!
You die...

#..###.......<# ###..### #
##......####...#* #.!...# #
.......## #..[.###.###.# .......#
##.#.....###.## .......#
###.#####..##..## .......#
##..)..##.....#..####
.......#*#..............#....####
.......#*.........###.#####......
.......#*.......@##,###,,,##..###
...............O.#,,,*,,*,,##.#
########>........#,*,,,***,*#####
*#........#,*****,*,*.....
*........#,*,**,*,,*.####
***#.......#,,,*,***,*,*
*,,>......##,****,*,,*,*
*,,)...###**,,,*,***,*,*
*,,,,,,,,,,**,*,*,*,,*,*


You could see an ogre.

Vanquished Creatures
  A phantom (D:4)
  A howler monkey (D:4)
  An orc priest (D:3)
  An ooze (D:2)
  2 leopard geckos (D:3)
  3 orcs (D:3)
  3 giant cockroaches
  4 goblins
  6 hobgoblins
  A quokka (D:3)
  4 bats
  5 frilled lizards
  7 kobolds
  10 rats
49 creatures vanquished.

Notes
Turn   | Place    | Note
-------+----------+-------------------------------------------
     0 | D:1      | FastMan the Minotaur Berserker began the quest for the Orb.
     0 | D:1      | Reached XP level 1. HP: 19/19 MP: 0/0
   109 | D:1      | Reached skill level 4 in Axes
   395 | D:1      | Reached XP level 2. HP: 27/27 MP: 1/1
   794 | D:2      | Reached ** piety under Trog
   812 | D:2      | Reached XP level 3. HP: 23/33 MP: 2/2
  1048 | D:3      | Reached skill level 5 in Axes
  1065 | D:3      | Reached XP level 4. HP: 19/41 MP: 3/3
  1143 | D:3      | Found an ornate altar of the Wu Jian Council.
  1408 | D:4      | Noticed a phantom
  1426 | D:4      | Killed a phantom
  1426 | D:4      | Reached skill level 5 in Fighting
  1426 | D:4      | Reached skill level 6 in Axes
  1426 | D:4      | Reached XP level 5. HP: 13/48 MP: 4/4
  1922 | D:4      | Found a staircase to the Ecumenical Temple.
  2070 | D:4      | Noticed an ogre
  2077 | D:4      | Mangled by an ogre

Vault maps used:
D:1:      minmay_arrival_glassed_features, eino_curves_01
D:3:      lemuel_round_altar
D:4:      minmay_temple_entry_from_below_a, first_bread, minmay_small_thing

Skill      XL: |  1  2  3  4 |
---------------+-------------+-----
Axes           | 4 5 6 |  6.6
Fighting       | 4 5 |  5.2
Armour         | |  2.4
Dodging        | |  2.1

Action                   |  1- 3 |  4- 6 || total
-------------------------+-------+-------++-------
Melee: Hand axe          |    88 |    38 ||   126
       Headbutt          |    12 |     8 ||    20
Invok: Berserk           |     3 |     2 ||     5
       Trog's Hand       |     1 |       ||     1
  Use: Scroll            |       |    12 ||    12
  Eat: Chunk             |     3 |     5 ||     8
Armor: Animal skin       |    14 |     5 ||    19
Dodge: Dodged            |    55 |    14 ||    69
